 Dungeon Crawl Stone Soup version 0.24.0-125-gc4c63601f3 (webtiles) character file.

Game seed: 11715720078244241591, levelgen mode: deterministic

43311 Peloso the Peltast (level 13, -7/115 HPs)
             Began as a Minotaur Fighter on Mar 19, 2020.
             Was the Champion of Okawaru.
             Mangled by a basilisk (8 damage)
             ... on level 5 of the Lair of Beasts.
             The game lasted 00:48:51 (15269 turns).

Peloso the Peltast (Minotaur Fighter)              Turns: 15269, Time: 00:48:52

Health: -7/115     AC: 25    Str: 35    XL:     13   Next: 90%
Magic:  20/20      EV:  5    Int: 14    God:    Okawaru [******]
Gold:   700        SH:  0    Dex: 17    Spells: 12/12 levels left

rFire    + + .     SeeInvis +   a - +10 falchion of Megalomania {venom, rPois rF+ Str+8 Dex-5}
rCold    + . .     Gourm    .   c - +7 large shield of the Devil's Team {Dex+9}
rNeg     . . .     Faith    .   K - +2 plate armour {rF+}
rPois    +         Spirit   .   (helmet unavailable)
rElec    .         Reflect  +   S - +1 cloak {rC+}
rCorr    .         Harm     .   (no gloves)
MR       .....                  N - +1 pair of boots {Fly}
Stlth    ..........             r - +3 amulet of reflection
HPRegen  0.29/turn              (no ring)
MPRegen  0.17/turn              I - ring of Gutrad {MP+9 Int+7 Dex+2 SInv}

@: about to teleport, petrifying, flying, studying Ice Magic, very slow
A: retaliatory headbutt, beak, horns 3, thin metallic scales 1, clever 1, low mp
1, strong 1, evolution 1, MP-powered wands
a: Heroism, Finesse, Renounce Religion, Stop Flying


You were on level 5 of the Lair of Beasts.
You worshipped Okawaru.
Okawaru was exalted by your worship.
You were not hungry.

You visited 2 branches of the dungeon, and saw 18 of its levels.
You also visited: Bailey and Ice Cave.

You collected 1180 gold pieces.
You spent 480 gold pieces at shops.

Inventory:

Hand Weapons
 a - the +10 falchion of Megalomania (weapon) {venom, rPois rF+ Str+8 Dex-5}
   (You found it on level 11 of the Dungeon)

   It poisons the flesh of those it strikes.
   It affects your strength (+8).
   It affects your dexterity (-5).
   It protects you from fire.
   It protects you from poison.
 b - a +1 long sword of holy wrath
Armour
 c - the +7 large shield of the Devil's Team (worn) {Dex+9}
   (You bought it in a shop on level 11 of the Dungeon)

   It affects your dexterity (+9).
 i - a scarf of cloud immunity
 A - a +2 shield of protection
 B - a +1 plate armour
 K - a +2 plate armour of fire resistance (worn)
 N - a +1 pair of boots of flying (worn)
 S - a +1 cloak of cold resistance (worn)
Jewellery
 d - an uncursed ring of positive energy
 p - an uncursed ring of see invisible
 r - a +3 amulet of reflection (around neck)
 x - an uncursed ring of protection from magic
 G - an uncursed ring of protection from cold
 I - the ring of Gutrad (right hand) {MP+9 Int+7 Dex+2 SInv}
   (You found it on level 11 of the Dungeon)

   [ring of magical power]

   It affects your intelligence (+7).
   It affects your dexterity (+2).
   It affects your magic capacity (+9).
   It lets you see invisible.
Wands
 n - a wand of enslavement (11)
 s - a wand of acid (7)
 u - a wand of polymorph (11)
 y - a wand of random effects (30)
 D - a wand of flame (19)
 E - a wand of disintegration (11)
 O - a wand of iceblast (36)
Scrolls
 e - 5 scrolls of amnesia
 h - a scroll of enchant armour
 l - 3 scrolls of remove curse
 m - 6 scrolls of fog
 o - 3 scrolls of teleportation
 q - 6 scrolls of identify
 t - 2 scrolls of magic mapping
 v - 5 scrolls of silence
 F - 3 scrolls of blinking
 J - 2 scrolls of fear
Potions
 g - a potion of ambrosia
 j - 7 potions of heal wounds
 k - 5 potions of brilliance
 w - a potion of cancellation
 z - 5 potions of curing
 L - 2 potions of might
 M - 2 potions of agility
Books
 R - a manual of Ice Magic
Comestibles
 f - 39 rations
 C - a chunk of flesh


   Skills:
 + Level 10.8 Fighting
 + Level 14.9 Long Blades
 + Level 13.4 Armour
 + Level 4.3 Dodging
 + Level 1.3 Stealth
 + Level 17.9 Shields
 + Level 1.6 Invocations


You had 12 spell levels left.
You didn't know any spells.
Your spell library contained the following spells:

 Spells                   Type           Power        Failure   Level  Hunger
 Animate Skeleton         Necr           N/A          98%         1    ##.....
 Apportation              Tloc           #.....       98%         1    ##.....
 Confusing Touch          Hex            #.....       98%         1    ##.....
 Summon Butterflies       Summ           #.......     98%         1    ##.....
 Summon Small Mammal      Summ           #...         98%         1    ##.....
 Confuse                  Hex            #.......     100%        3    ####...
 Gell's Gravitas          Tloc           #.........   100%        3    ####...
 Lesser Beckoning         Tloc           #.........   100%        3    ####...
 Tukima's Dance           Hex            #.......     100%        3    ####...
 Cause Fear               Hex            #.........   100%        4    #####..
 Petrify                  Tmut/Erth      #.......     100%        4    #####..
 Alistair's Intoxication  Tmut/Pois      #.......     100%        5    ######.
 Metabolic Englaciation   Hex/Ice        #.........   100%        5    ######.
 Silence                  Hex/Air        #.........   100%        5    ######.
 Yara's Violent Unravell  Hex/Tmut       #.........   100%        5    ######.
 Deflect Missiles         Chrm/Air       #.........   100%        6    #######
 Invisibility             Hex            #.......     100%        6    #######
 Discord                  Hex            #.........   100%        8    #######


Dungeon Overview and Level Annotations

Branches:
Dungeon (13/15)            Temple (0/1) D:5            Lair (5/6) D:8
  Swamp (0/4) Lair:2        Snake (0/4) Lair:3          Orc (0/2) D:9
 Bailey (visited)           IceCv (visited)
  Slime: Lair:5-6    Vaults: D:13-14

Altars:
Gozag
Makhleb
Nemelex Xobeh
Okawaru
Qazlal
Ru
Wu Jian
Xom
The Shining One

Shops:
D:3 *   D:5 (   D:7 (   D:11 %*([[

Annotations:
D:4 1 runed translucent door, hitsuchi's ghost, novice HOFE


Innate Abilities, Weirdness & Mutations

You reflexively headbutt those who attack you in melee.
You have a pair of large horns on your head.
You have a beak for a mouth.
You are partially covered in thin metallic scales. (AC +2)
Your mind is acute. (Int +2)
Your magical capacity is low. (-10% MP)
Your muscles are strong. (Str +2)
You evolve.
You expend magic power (3 MP) to strengthen your wands.


Message History

You kill Urug!
Okawaru is honoured by your kill.
You block the seven-headed hydra's attack. x3
The seven-headed hydra bites you!
* * * LOW HITPOINT WARNING * * *
The seven-headed hydra bites you!
* * * LOW HITPOINT WARNING * * *
The seven-headed hydra bites you but does no damage.
You block the seven-headed hydra's attack.
The basilisk gazes at you.
You are slowing down.
The basilisk bites you.
The seven-headed hydra bites you but does no damage. x3
The seven-headed hydra bites you!
* * * LOW HITPOINT WARNING * * *
The seven-headed hydra barely misses you.
The seven-headed hydra bites you but does no damage.
The seven-headed hydra barely misses you.
The basilisk bites you!
You die...

#.........##
##.........##
#...)......P#
#.........###
#..P.#.#.#.##
##....###(#
#P........#
##....D...##
#..<(@....#
#..()l...##
...........#
..#........#
. #........#
....%.....#
#...........
.#####+....##


You could see a seven-headed hydra and a basilisk.

Vanquished Creatures
  Snorg (Lair:3)
  Fannar (Lair:1)
  A hydra (D:12)
  A catoblepas (Lair:2)
  A centaur warrior (D:9)
  2 two-headed ogres (D:11)
  A death knight (D:12)
  Urug (Lair:5)
  Nergalle (Lair:1)
  Pikel (D:7)
  A necromancer (IceCv)
  3 ugly things
  3 deep elf magi
  A manticore (D:11)
  A cyclops (D:11)
  5 elephants (Lair:4)
  An ice statue (IceCv)
  A black mamba (Lair:1)
  Psyche (D:12)
  A gargoyle (D:12)
  10 freezing wraiths (IceCv)
  4 komodo dragons
  6 trolls
  2 tyrant leeches (Lair:2)
  6 blink frogs
  A hornet (D:11)
  Prince Ribbit (Lair:3)
  5 slime creatures (D:12)
  7 hippogriffs
  A vampire (D:12)
  A shadow (D:11)
  Sigmund (D:3)
  3 wyverns (Lair:4)
  34 yaks
  2 hungry ghosts (D:12)
  Grum (D:9)
  A basilisk (Lair:3)
  A steam dragon (D:8)
  2 wraiths (D:12)
  Edmund (D:6)
  A death yak simulacrum (IceCv)
  3 swamp worms (Lair:2)
  A soldier ant (D:12)
  5 water moccasins
  7 porcupines
  2 sky beasts
  An alligator simulacrum (IceCv)
  13 orc warriors
  18 ice beasts
  A slave (D:7)
  An eye of draining (D:12)
  7 phantoms
  A black bear (D:9)
  8 wolves
  11 ogres
  13 centaurs
  9 crocodiles
  2 big kobolds
  14 bullfrogs
  A wyvern zombie (D:9)
  A wyvern skeleton (D:12)
  3 scorpions
  An elephant simulacrum (IceCv)
  9 killer bees
  2 howler monkeys
  6 wights
  2 bullfrog zombies
  5 centaur zombies
  10 crimson imps
  A quasit (D:6)
  4 draconian simulacra (IceCv)
  A gnoll shaman (D:6)
  A jelly (D:10)
  2 bullfrog skeletons
  2 orc priests
  5 hounds
  2 centaur skeletons
  8 iguanas
  10 orc wizards
  2 spriggan simulacra (IceCv)
  8 worker ants
  A polar bear simulacrum (IceCv)
  2 troll simulacra (IceCv)
  2 centaur simulacra (IceCv)
  A howler monkey zombie (D:6)
  2 worker ant zombies
  A howler monkey skeleton (D:4)
  17 adders
  19 gnolls
  6 naga simulacra (IceCv)
  4 ogre simulacra (IceCv)
  6 shadow imps
  12 white imps (IceCv)
  2 oozes
  An adder skeleton (D:4)
  An adder zombie (D:8)
  A worm (D:3)
  A dart slug (D:1)
  6 leopard geckos
  56 orcs
  A ball python (D:1)
  9 giant cockroaches
  14 goblins
  4 hobgoblins
  6 jackals
  5 quokkas
  7 bats
  2 frilled lizards
  15 kobolds
  2 quokka skeletons
  11 rats
540 creatures vanquished.

Vanquished Creatures (others)
  A centaur (D:10)
  A goblin (D:8)
  3 kobolds
  3 plants
8 creatures vanquished.

Grand Total: 548 creatures vanquished

Notes
Turn   | Place    | Note
-------+----------+-------------------------------------------
     0 | D:1      | Peloso the Minotaur Fighter began the quest for the Orb.
     0 | D:1      | Reached XP level 1. HP: 19/19 MP: 0/0
   164 | D:1      | Reached XP level 2. HP: 27/27 MP: 1/1
   234 | D:1      | Reached skill level 4 in Shields
   259 | D:1      | Found a glowing golden altar of the Shining One.
   510 | D:2      | Reached XP level 3. HP: 31/33 MP: 2/2
   809 | D:2      | Reached XP level 4. HP: 16/40 MP: 3/3
  1467 | D:3      | Found a sacrificial altar of Ru.
  1638 | D:3      | Reached XP level 5. HP: 43/47 MP: 4/4
  1747 | D:3      | Found a stormy altar of Qazlal.
  1748 | D:3      | Found a glowing golden altar of the Shining One.
  1883 | D:3      | Found an opulent altar of Gozag.
  1886 | D:3      | Noticed Sigmund
  1924 | D:3      | Killed Sigmund
  1924 | D:3      | Reached skill level 5 in Long Blades
  1924 | D:3      | Reached skill level 1 in Dodging
  1924 | D:3      | Reached skill level 5 in Shields
  1924 | D:3      | Reached XP level 6. HP: 18/53 MP: 5/5
  2063 | D:3      | Found Gozag's Platinum Reserve.
  2393 | D:3      | Gained mutation: You are partially covered in thin metallic
                  | scales. (AC +2) [potion of mutation]
  2393 | D:3      | Gained mutation: Potions are less effective at restoring
                  | your health. [potion of mutation]
  2393 | D:3      | Gained mutation: You evolve. [potion of mutation]
  2489 | D:4      | Lost mutation: Potions are less effective at restoring your
                  | health. [evolution]
  2787 | D:4      | Found an iron altar of Okawaru.
  2827 | D:4      | Became a worshipper of Warmaster Okawaru
  2918 | D:4      | Found a runed translucent door.
  2939 | D:4      | Noticed hitsuchi's ghost (novice HOFE)
  3475 | D:4      | Noticed a sky beast
  3617 | D:5      | Entered Level 5 of the Dungeon
  3638 | D:5      | Found a staircase to the Ecumenical Temple.
  3705 | D:5      | Reached skill level 5 in Armour
  3860 | D:5      | Reached XP level 7. HP: 55/60 MP: 6/6
  3869 | D:5      | Found Itaoh's Antique Weapon Shoppe.
  3889 | D:5      | Bought a glowing falchion for 186 gold pieces
  3946 | D:5      | Reached skill level 5 in Fighting
  4228 | D:5      | Gained mutation: You have a beak for a mouth. [evolution]
  4236 | D:5      | Reached * piety under Okawaru
  4236 | D:5      | Reached skill level 1 in Stealth
  4540 | D:6      | Reached skill level 6 in Shields
  4540 | D:6      | Reached XP level 8. HP: 66/70 MP: 7/7
  4703 | D:6      | Reached ** piety under Okawaru
  4803 | D:6      | Noticed Edmund
  4814 | D:7      | Noticed a troll
  4842 | D:7      | Killed a troll
  4842 | D:7      | Reached skill level 7 in Shields
  4856 | D:7      | Reached XP level 9. HP: 20/75 MP: 4/8
  5147 | D:6      | Killed Edmund
  5243 | D:6      | Found a shimmering altar of Xom.
  5532 | D:7      | Found Fukuvoci's Antique Weapon Emporium.
  5587 | D:7      | Noticed Pikel
  5602 | D:7      | Killed Pikel
  5602 | D:7      | Reached skill level 10 in Long Blades
  5602 | D:7      | Reached skill level 8 in Shields
  5714 | D:7      | Gained mutation: Your mind is acute. (Int +2) [evolution]
  6012 | D:7      | Reached *** piety under Okawaru
  6129 | D:8      | Found a sparkling altar of Nemelex Xobeh.
  6160 | D:8      | Reached skill level 9 in Shields
  6255 | D:8      | Found a flagged portal.
  6281 | D:8      | Reached XP level 10. HP: 63/84 MP: 7/9
  6323 | D:8      | Reached **** piety under Okawaru
  6323 | D:8      | Reached skill level 10 in Shields
  6337 | Bailey   | Entered a bailey
  6351 | Bailey   | Gained mutation: Your muscles are strong. (Str +2)
                  | [evolution]
  7009 | Bailey   | Reached skill level 11 in Shields
  7243 | D:8      | Found a staircase to the Lair.
  7347 | D:8      | Identified the +1 leather armour "Xuvviop" {rF- Str+3 Int+3
                  | Dex+4}
  7470 | D:8      | Found a burning altar of Makhleb.
  7559 | D:8      | Gained mutation: Your magical capacity is low. (-10% MP)
                  | [evolution]
  7750 | D:10     | Entered Level 10 of the Dungeon
  7891 | D:9      | Found a staircase to the Orcish Mines.
  7911 | D:9      | Reached ***** piety under Okawaru
  7991 | D:9      | Noticed a centaur warrior
  8005 | D:9      | Killed a centaur warrior
  8005 | D:9      | Received a gift from Okawaru
  8005 | D:9      | Reached skill level 12 in Shields
  8068 | D:9      | Reached XP level 11. HP: 81/94 MP: 9/9
  8277 | D:9      | Found an ornate altar of the Wu Jian Council.
  8435 | D:9      | Noticed Grum
  8493 | D:9      | Killed Grum
  8937 | D:10     | Noticed a brown ugly thing
  8964 | D:10     | Killed a brown ugly thing
  9434 | D:11     | Noticed a cyan ugly thing
  9435 | D:11     | Found Jerphuis's Weapon Boutique.
  9466 | D:11     | Killed a cyan ugly thing
  9474 | D:11     | Received a gift from Okawaru
  9485 | D:11     | Reached skill level 13 in Shields
  9503 | D:11     | Found Veppiut's Food Boutique.
  9514 | D:11     | Reached skill level 1 in Invocations
  9522 | D:11     | Got a slimy falchion
  9523 | D:11     | Identified the +10 falchion of Megalomania {venom, rPois
                  | rF+ Str+8 Dex-5} (You found it on level 11 of the Dungeon)
  9570 | D:11     | Reached skill level 10 in Armour
  9788 | D:11     | Found Tesosa's Assorted Antiques.
  9888 | D:11     | Noticed a two-headed ogre
  9899 | D:11     | Killed a two-headed ogre
  9920 | D:11     | Noticed a two-headed ogre
  9932 | D:11     | Killed a two-headed ogre
  9994 | D:11     | Got a scintillating brass ring
  9996 | D:11     | Identified the ring of Gutrad {MP+9 Int+7 Dex+2 SInv} (You
                  | found it on level 11 of the Dungeon)
 10109 | D:11     | Found Tixel's Armour Shoppe.
 10201 | D:11     | Received a gift from Okawaru
 10264 | D:11     | Found Tuvebbidgh's Antique Armour Boutique.
 10280 | D:11     | Bought a transparent large shield for 294 gold pieces
 10285 | D:11     | Identified the +7 large shield of the Devil's Team {Dex+9}
                  | (You bought it in a shop on level 11 of the Dungeon)
 10484 | D:12     | Reached XP level 12. HP: 104/104 MP: 10/10
 10641 | D:12     | Reached skill level 14 in Shields
 10796 | D:12     | Noticed a five-headed hydra
 10798 | D:12     | Noticed a death knight
 10809 | D:12     | Killed an eight-headed hydra
 10816 | D:12     | Killed a death knight
 10864 | D:12     | Reached ****** piety under Okawaru
 10875 | D:12     | Reached skill level 15 in Shields
 11151 | D:12     | Gained mutation: You expend magic power (3 MP) to
                  | strengthen your wands. [evolution]
 11387 | D:12     | Noticed Psyche
 11391 | D:12     | Killed Psyche
 11498 | D:13     | Received a gift from Okawaru
 11542 | D:13     | Noticed an eight-headed hydra
 11639 | Lair:1   | Entered Level 1 of the Lair of Beasts
 11722 | Lair:1   | Reached XP level 13. HP: 89/113 MP: 11/11
 11746 | Lair:1   | Reached skill level 10 in Fighting
 11755 | Lair:1   | Reached skill level 16 in Shields
 11827 | Lair:1   | Found a frozen archway.
 11867 | IceCv    | Entered an ice cave
 12054 | IceCv    | Got a pitted flail
 12068 | IceCv    | Found an ancient bone altar of Kikubaaqudgha.
 12280 | IceCv    | Identified the +4 flail of Zaowaq {distort, -Tele rElec rF+
                  | MR+++} (You found it in an ice cave)
 12467 | Lair:1   | Noticed Nergalle
 12474 | Lair:1   | Killed Nergalle
 12648 | Lair:1   | Noticed Fannar
 12657 | Lair:1   | Killed Fannar
 12714 | Lair:1   | Gained mutation: You have a pair of large horns on your
                  | head. [evolution]
 12924 | Lair:2   | Reached skill level 17 in Shields
 13079 | Lair:2   | Found a staircase to the Swamp.
 13274 | Lair:2   | Received a gift from Okawaru
 13748 | Lair:2   | Got a jewelled quarterstaff
 13749 | Lair:2   | Identified the +3 quarterstaff of Malaise {crush, rN+++
                  | MR++} (You found it on level 2 of the Lair of Beasts)
 13875 | Lair:3   | Noticed Prince Ribbit
 13891 | Lair:3   | Killed Prince Ribbit
 13982 | Lair:3   | Noticed Snorg
 13997 | Lair:3   | Killed Snorg
 14050 | Lair:3   | You are sucked into a shaft and drop 2 floors!
 14117 | Lair:3   | Found a staircase to the Snake Pit.
 15087 | Lair:4   | Received a gift from Okawaru
 15249 | Lair:5   | Noticed Urug
 15267 | Lair:5   | Killed Urug
 15269 | Lair:5   | HP: 1/115 [seven-headed hydra (6)]
 15269 | Lair:5   | Mangled by a basilisk

Levels and vault maps discovered:
D:1:      wander_arrival_desolate, layout_rooms, tso_metal_star
D:2:      layout_loops_cross, minmay_between
D:3:      cheibrodos_old_hovel, layout_basic, gammafunk_temple_overflow_statue,
          lemuel_crystal_altar, first_ration, nicolae_gozag_zags_fifth_avenue,
          uniq_sigmund
D:4:      layout_layer_cave, lemuel_doored_altar,
          hellmonk_ghost_happy_afterlife, lightli_corner_chamber
D:5:      layout_loops_ring, minmay_temple_entry_wispy, serial_shops,
          nicolae_shop_crystal
D:6:      layout_basic, xom_teletrap_fun, uniq_edmund
D:7:      layout_basic, serial_shops, shop_coins, uniq_pikel
D:8:      layout_rooms, makhleb_heckhound_becter, david_lair_shrubbed,
          enter_bailey_3, nemelex_dance_club_becter
D:9:      kennysheep_blocky_room, layout_gridville, kennysheep_little_box,
          orc_0_dummy, grunt_ogre_cave, uniq_grum
D:10:     layout_rooms
D:11:     layout_basic, serial_shops, shop_fountains, nicolae_shop_behind_doors,
          nicolae_shop_temple_entry_statues_fountains, nicolae_shop_statue_plus,
          shop, minmay_pinched_square
D:12:     layout_irregular_city, uniq_psyche
D:13:     layout_loops_ring, david_vaults_2, onia_ninara_dug_in_and_dangerous
Lair:1:   layout_gridlike, portal_ice_cave_entry_ice_beasts,
          serial_bayou_shore_b, uniq_nergalle, uniq_fannar
Lair:2:   layout_regular_city, minmay_swamp_entry_worms, worms_lemuel
Lair:3:   layout_loops_ring, dummy_snake_entry, uniq_prince_ribbit2, uniq_snorg
Lair:4:   layout_concentric_octagons, minivault_24
Lair:5:   layout_roguey, slime_altar_1, uniq_urug

Skill      XL: |  1  2  3  4  5  6  7  8  9 10 11 12 13 |
---------------+----------------------------------------+-----
Fighting       | 4 5 6 8 9 10 | 10.8
Armour         | 4 5 6 7 8 10 12 13 | 13.4
Shields        | 4 5 6 7 9 12 13 15 17 | 17.9
Long Blades    | 3 4 5 6 7 9 10 11 13 14 | 14.9
Dodging        | 1 2 3 4 |  4.3
Stealth        | 1 |  1.3
Invocations    | 1 |  1.6

Action                   |  1- 3 |  4- 6 |  7- 9 | 10-12 | 13-15 || total
-------------------------+-------+-------+-------+-------+-------++-------
Melee: Long sword        |    96 |   151 |     2 |       |       ||   249
       Headbutt          |     8 |    22 |    75 |   274 |   133 ||   512
       Falchion          |       |       |   367 |   842 |   360 ||  1569
       Peck              |       |       |    60 |   250 |   132 ||   442
Invok: Heroism           |       |       |     4 |     7 |       ||    11
  Use: Potion            |       |     6 |     3 |     1 |       ||    10
       Scroll            |       |       |    11 |     3 |     7 ||    21
  Eat: Chunk             |       |     9 |     8 |    19 |    12 ||    48
Armor: Scale mail        |    47 |    44 |       |       |       ||    91
       Chain mail        |       |    12 |   116 |       |       ||   128
       Plate armour      |       |       |    47 |   262 |   119 ||   428
Dodge: Dodged            |    36 |    39 |    83 |   172 |    55 ||   385
Block: Shield            |    49 |    77 |   248 |   569 |       ||   943
       Reflection        |       |       |     6 |    32 |    10 ||    48
       Large shield      |       |       |       |   340 |   419 ||   759
       Rpst.: Long sword |     8 |    10 |       |       |       ||    18
       Falchion          |       |       |    21 |    42 |    10 ||    73
